cohdb
Replays
Latest Replays
All Replays
Popular Replays
Top Player Replays
Match Explorer
How It Works
Community
CoH3 Stats
Reddit
Sign in to upload your games and track your stats! →
Sign in with Steam
Match 43410436
Unlisted
Match 43410436
Overview
Messages
Build Orders
End
Panzergrenadier Squad
Selects Panzerjäger Kommand Battlegroup
Selects Mine Fields
250 Light Carrier
Construct Light Support Kompanie
Combat Half-tracks
Panzerjäger Squad
2.5-tonne Medical Truck
Assault Grenadier Squad
Selects Tank Busters
Construct Mechanized Kompanie
Veteran Squad Leaders
Panzergrenadier Squad
Selects Defensive Positions
Marder III Tank Destroyer
Panzergrenadier Squad
Tungsten Core Ammunition
Construct Panzerarmee Kommand
Selects Butterfly Bomb Drop
Pmaru橘子
life⭕⃤
XXxxxGxxxXX
火鸡
DaRtH VaDeRX2020
HONGHA
Mr.NooB
Legionary
0
0
Comments
sign in to comment!
No comments posted yet!